Construct Section Command Post
Selects British Armored Battlegroup
Selects Rigorous Vehicle Training
Construct Platoon Command Post
Construct Field Infirmary
6-pounder Anti-tank Gun Team
Selects Crusader AA Medium Tank
Unlock Bishop Self-propelled Artillery
Bishop Self-propelled Artillery
6-pounder Anti-tank Gun Team
Selects Churchill IV Heavy Tank
Selects Engineer Detachments
Construct Company Command Post
Selects Forward Repair Assembly